 Dungeon Crawl Stone Soup version 0.26.1-11-gd32895ea62 (webtiles) character file.

Game seed: 11282249109586812104

22 Descartes the Scratcher (level 2, 0/12 HPs)
             Began as a Felid Transmuter on May 29, 2021.
             Slain by a bat (1 damage)
             ... on level 1 of the Dungeon.
             The game lasted 00:01:26 (957 turns).

Descartes the Scratcher (Felid Transmuter)           Turns: 957, Time: 00:01:28

Health: 0/12       AC:  1    Str:  6    XL:     2   Next: 68%
Magic:  6/6        EV: 18    Int: 14    God:
Gold:   37         SH:  0    Dex: 16    Spells: 4/5 levels left
                                        Lives:  0   Deaths: 0

rFire    . . .     SeeInvis +     - Unarmed
rCold    . . .     Faith    .   (shield unavailable)
rNeg     . . .     Spirit   .   (armour unavailable)
rPois    .         Reflect  .   (helmet unavailable)
rElec    .         Harm     .   (cloak unavailable)
rCorr    .         Rampage  .   (gloves unavailable)
Will     .....                  (boots unavailable)
Stlth    ++........             (no amulet)
HPRegen  0.04/turn              (no ring)
MPRegen  0.10/turn              (no ring)

@: appendages (expiring), quick
A: very small, no armour, no weapons or thrown items, stealth, claws 1, fangs 3,
horns 2, see invisible, speed 1, shaggy fur 1, sharp paws
a: End Transformation


You were on level 1 of the Dungeon.
You had grown temporary horns.
You visited 1 branch of the dungeon, and saw 2 of its levels.

You collected 37 gold pieces.

Inventory:

Jewellery
 f - a +6 ring of strength {unknown}
Scrolls
 a - 2 scrolls of teleportation {unknown}
 b - 3 scrolls of identify {unknown}
 c - a scroll of amnesia {unknown}
 d - a scroll of enchant armour {unknown}
Potions
 e - a potion of haste {unknown}
 g - a potion of mutation {unknown}
 h - a potion of might {unknown}


   Skills:
 + Level 1.3 Fighting
 + Level 3.1 Dodging
 + Level 1.2 Stealth
 + Level 3.2 Unarmed Combat
 + Level 2.2 Spellcasting
 + Level 2.4 Transmutations


You had 4 spell levels left.
You knew the following spells:

 Your Spells              Type           Power        Failure   Level
a - Beastly Appendage     Tmut           16%          9%          1

Your spell library contained the following spells:

 Spells                   Type           Power        Failure   Level
 Wereblood                Tmut           8%           13%         2
 Spider Form              Tmut/Pois      2%           38%         3
 Ice Form                 Ice/Tmut       4%           80%         4
 Blade Hands              Tmut           4%           93%         5


Dungeon Overview and Level Annotations

Branches:
Dungeon (2/15)

Altars:


Innate Abilities, Weirdness & Mutations

You cannot wear armour.
You are incapable of wielding weapons or throwing items.
Your paws allow you to move quietly. (Stealth)
You have sharp claws.
You have razor-sharp teeth.
You have supernaturally acute eyesight. (SInv)
You cover ground quickly.
You are covered in fur. (AC +1)
Your sharp claws are effective at attacking unaware monsters.
You have a pair of horns on your head.


Message History

The gnoll is moderately wounded.
The bat barely misses you. The gnoll barely misses you.
You scratch the gnoll but do no damage.
The gnoll is moderately wounded.
The bat misses you. The gnoll closely misses you.
You barely miss the gnoll.
The gnoll is moderately wounded.
The bat closely misses you. The goblin closely misses you. The gnoll hits you.
Your transformation is almost over.
There is a stone staircase leading up here.
The bat closely misses you. The gnoll hits you with a +0 club.
Ouch! That really hurt!
* * * LOW HITPOINT WARNING * * *
The bat misses you. The gnoll barely misses you. The goblin barely misses you.
You climb upwards.
There is a stone staircase leading down here.
You barely miss the gnoll. You headbutt the gnoll!
The gnoll is severely wounded.
The bat hits you.
You die...

######### #.......#
#.#####.#### #.### #....#
###...# ####.# ###...#.###.##.#
###..)#.#.....##.#
#gbg##..#.###.##.# #########
#@g...#........... #.†.....#
######.#...#.###.....
#.#####.###....#...#.......#.##
#.# #...#....#.#...#.###.#.#.
#.# ###.#.#..##..#....##.#.'.
#.# #...#.....#...#.##.#.#. #)#
#####.#......)...#...#. #.#
#...#..##..#.....#.#. #.#
#.#.#..#...........#.


You could see 2 gnolls, a goblin and a bat.

Vanquished Creatures
  An ooze (D:1)
  2 goblins (D:1)
  3 hobgoblins (D:1)
  2 ball pythons (D:1)
  3 bats (D:1)
  2 kobolds
  5 rats (D:1)
18 creatures vanquished.

Notes
Turn   | Place    | Note
-------+----------+-------------------------------------------
     0 | D:1      | Descartes the Felid Transmuter began the quest for the Orb.
     0 | D:1      | Reached XP level 1. HP: 9/9 MP: 4/4
   247 | D:1      | Reached skill level 1 in Stealth
   247 | D:1      | Reached XP level 2. HP: 10/12 MP: 6/6
   957 | D:1      | Slain by a bat

Illustrated notes

Levels and vault maps discovered:
D:1:      minmay_arrival_widening_spiral_wide, layout_basic, hex_tiny
D:2:      layout_rooms, elyvilon_altar_4, kennysheep_flooded_box,
          dk_noncrumbling_3

Skill      XL: |  1  2 |
---------------+-------+-----
Stealth        | 1 |  1.2
Dodging        | 3 |  3.1
Fighting       | |  1.3
Unarmed Combat | |  3.2
Spellcasting   | |  2.2
Transmutations | |  2.4

Action                   || total
-------------------------++-------
Melee: Unarmed           ||    51
       Bite              ||     3
       Punch             ||     2
       Headbutt          ||     2
 Cast: Beastly Appendage ||     9
 Stab: Sleeping          ||     3
Armor: Skin              ||     2
Dodge: Dodged            ||    42
